 Dungeon Crawl Stone Soup version 0.20-a0-837-g0f21a4d (webtiles) character file.

85230 M4edhros the Unseen (level 15, -2/105 HPs)
             Began as an Octopode Artificer on Mar 8, 2017.
             Was the Champion of Fedhas.
             Slain by a dire flail of draining (31 damage)
             ... on level 1 of the Elven Halls.
             The game lasted 01:17:09 (36431 turns).

M4edhros the Unseen (Octopode Artificer)           Turns: 36431, Time: 01:17:10

Health: -2/105     AC:  1    Str: 13    XL:     15   Next: 83%
Magic:  30/30      EV: 21    Int: 19    God:    Fedhas [******]
Gold:   1160       SH:  7    Dex: 24    Spells: 6/24 levels left

rFire    + + .     SeeInvis +   Z - +4 fustibalus (flame)
rCold    + + .     Gourm    .   L - +1 buckler {rF+}
rNeg     . . .     Faith    .   y - +0 mask of the Dragon {MR+ Slay+3 SInv}
rPois    +         Spirit   .   (no amulet)
rElec    +         Reflect  .   p - ring of Deoh Maf {*Drain Dex+3 Stlth+}
rCorr    .         Harm     .   I - ring of protection from magic
MR       +++..     Clarity  +   s - ring "Ofugurocw" {rPois rC+ MP+9}
Stlth    +++++++++.             a - ring of ice
Regen    0.3/turn               C - ring of wizardry
MPRegen  0.3/turn               S - ring of protection from fire
                                V - ring of stealth
                                m - ring "Duduar" {Wiz *Slow Int+4 Dex+5 Stlth+}

@: heavily drained
A: almost no armour, stealthy swim, amphibious, 8 rings, constrict 8, camouflage
1, see invisible, clarity, clever 1, clumsy 1, fire resistance 1, low mp 1,
electricity resistance, wild magic 1, gelatinous body 1
a: Fungal Bloom, Evolution, Sunlight, Growth, Reproduction, Rain, Renounce
Religion


You were on level 1 of the Elven Halls.
You worshipped Fedhas.
Fedhas was exalted by your worship.
You were not hungry.

You visited 6 branches of the dungeon, and saw 26 of its levels.
You also visited: Bailey and Volcano.

You collected 2678 gold pieces.
You spent 1518 gold pieces at shops.

Inventory:

Hand Weapons
 o - a +4 short sword of chaos
 H - a +7 hunting sling of freezing
 Z - a +4 fustibalus of flaming (weapon)
Missiles
 e - 238 sling bullets (quivered)
 g - 901 stones
Armour
 y - the +0 mask of the Dragon (worn) {MR+ Slay+3 SInv}
   (You acquired it in a bailey)

   It affects your accuracy and damage with ranged weapons and melee attacks
   (+3).
   It affects your resistance to hostile enchantments.
   It lets you see invisible.
 L - a +1 buckler of fire resistance (worn)
Jewellery
 a - a ring of ice (on tentacle)
 m - the ring "Duduar" (on tentacle) {Wiz *Slow Int+4 Dex+5 Stlth+}
   (You bought it in a shop on level 2 of the Orcish Mines)

   [ring of wizardry]

   It improves your spell success rate.
   It affects your intelligence (+4).
   It affects your dexterity (+5).
   It may slow you when you take damage.
   It makes you more stealthy.
 p - the ring of Deoh Maf (left tentacle) {*Drain Dex+3 Stlth+}
   (You found it on level 3 of the Lair of Beasts)

   [ring of stealth]

   It affects your dexterity (+3).
   It causes draining when unequipped.
   It makes you more stealthy.
 s - the ring "Ofugurocw" (on tentacle) {rPois rC+ MP+9}
   (You found it on level 4 of the Dungeon)

   [ring of magical power]

   It protects you from cold.
   It protects you from poison.
   It affects your magic capacity (+9).
 t - an uncursed ring of wizardry
 C - a ring of wizardry (on tentacle)
 F - an uncursed ring of protection from cold
 I - a ring of protection from magic (right tentacle)
 S - a ring of protection from fire (on tentacle)
 V - a ring of stealth (on tentacle)
Wands
 v - a wand of digging (18/24)
 W - a wand of clouds (1/9)
 Y - a wand of iceblast (0/15)
Scrolls
 c - a scroll of magic mapping
 h - 12 scrolls of teleportation
 i - 3 scrolls of vulnerability
 l - a scroll of remove curse
 q - 3 scrolls of fear
 u - a scroll of identify
 z - 3 scrolls of blinking
 D - 3 scrolls of recharging
 M - 4 scrolls of torment
 Q - 2 scrolls of fog
Potions
 b - a potion of haste
 d - a potion of agility
 j - 2 potions of invisibility
 n - 3 potions of resistance
 B - 3 potions of heal wounds
 K - 9 potions of curing
 N - 3 potions of lignification
 O - 5 potions of might
 R - 3 potions of flight
Books
 k - the Handbook of Attacks
   (You found it on level 1 of the Elven Halls)

   Spells                             Type                      Level
   a - Fulminant Prism                Conjuration/Hexes            4
   b - Bolt of Cold                   Conjuration/Ice              6
   c - Freezing Cloud                 Conjuration/Ice/Air          6
 r - a book of Power

   Spells                             Type                      Level
   a - Iskenderun's Battlesphere      Conjuration/Charms           5
   b - Venom Bolt                     Conjuration/Poison           5
   c - Bolt of Magma                  Conjuration/Fire/Earth       5
   d - Iron Shot                      Conjuration/Earth            6
   e - Orb of Destruction             Conjuration                  7
   f - Spellforged Servitor           Conjuration/Summoning        7
 x - a Young Poisoner's Handbook

   Spells                             Type                      Level
   a - Sting                          Conjuration/Poison           1
   b - Poisonous Vapours              Poison/Air                   2
   c - Mephitic Cloud                 Conjuration/Poison/Air       3
   d - Olgreb's Toxic Radiance        Poison                       4
   e - Venom Bolt                     Conjuration/Poison           5
Comestibles
 f - 16 bread rations
 w - 10 fruits


   Skills:
 * Level 10.9(9.3) Fighting
 - Level 1.0(0.0) Short Blades
 - Level 12.0(10.3) Slings
 - Level 10.1(8.6) Dodging
 - Level 15.3(13.5) Stealth
 - Level 5.3(3.9) Shields
 * Level 5.1(3.7) Spellcasting
 + Level 2.8(1.5) Charms
 * Level 0.0 Ice Magic
 * Level 3.5(2.1) Air Magic
 + Level 3.1(1.9) Poison Magic
 - Level 12.1(10.5) Invocations
 - Level 10.6(9.0) Evocations


You had 6 spell levels left.
You knew the following spells:

 Your Spells              Type           Power        Failure   Level  Hunger
a - Mephitic Cloud        Conj/Pois/Air  ##......     11%         3    ###....
b - Blink                 Tloc           N/A          9%          2    ##.....
c - Ozocubu's Armour      Chrm/Ice       ##......     13%         3    ###....
d - Olgreb's Toxic Radia  Pois           ##......     34%         4    ####...
e - Freezing Cloud        Conj/Ice/Air   ##........   100%        6    #######


Dungeon Overview and Level Annotations

Branches:
Dungeon (15/15)            Temple (1/1) D:6            Lair (6/6) D:8
 Shoals (0/4) Lair:3       Spider (1/4) Lair:4        Slime (0/5) Lair:5
    Orc (2/2) D:9             Elf (1/3) Orc:2        Vaults (0/5) D:14
 Depths (0/5) D:15

Altars:
Ashenzari
Dithmenos
Elyvilon
Fedhas
Gozag
Hepliaklqana
Kikubaaqudgha
Makhleb
Nemelex Xobeh
Okawaru
Qazlal
Ru
Sif Muna
Trog
Uskayaw
Vehumet
Wu Jian
Xom
Yredelemnul
Zin
The Shining One
Jiyva

Shops:
D:8 [   D:10 *   D:13 [   Orc:1 =   Orc:2 !=%[?

Annotations:
D:5 Abuh's ghost, novice HaHu
D:9 THORN HUNTER!!!
Lair:5 1 runed door


Innate Abilities, Weirdness & Mutations

You cannot wear most types of armour.
You are very stealthy in the water. (Stealth+)
You are amphibious.
You can wear up to eight rings at the same time.
You can use your tentacles to constrict eight enemies at once.
Your skin changes colour to match your surroundings (Stealth+).
Your rubbery body absorbs attacks. (AC +1, EV +1)
You have supernaturally acute eyesight. (SInv)
You possess an exceptional clarity of mind.
Your mind is acute. (Int +2)
You are clumsy. (Dex -2)
Your flesh is heat resistant. (rF+)
Your magical capacity is low. (-10% MP)
You are resistant to electric shocks. (rElec)
Your spells are a little harder to cast, but a little more powerful.


Message History

You shoot a sling bullet.
The sling bullet hits the dire flail of draining.
The dire flail of draining is almost destroyed.
The dire flail of draining misses you.
The dire flail of draining completely misses you.
Firing (i - inventory. (,) - cycle):
e - 240 sling bullets (quivered)
Press: ? - help, Shift-Dir - straight line, f/p - dire flail of draining
Aim: a dire flail of draining (almost destroyed)
You shoot a sling bullet.
The sling bullet closely misses the dire flail of draining.
The dire flail of draining hits you!
You feel drained.
* * * LOW HITPOINT WARNING * * *
Firing (i - inventory. (,) - cycle):
e - 239 sling bullets (quivered)
Press: ? - help, Shift-Dir - straight line, f/p - dire flail of draining
Aim: a dire flail of draining (almost destroyed)
You shoot a sling bullet.
The sling bullet misses the dire flail of draining.
The dire flail of draining hits you!!
You die...
Fedhas appreciates your contribution to the ecosystem.

#.....+
##'...'##
##.#f.##.##
##.##+####.##
##.## ##.##
##f## ##.#
##.## ##.
##f## ## #@##
# #.....(##
....(.. #####
....... +....
....... ####.
..(...# ...
... #+...#
..# #### ##+#
#.. #...
#.###.#.


You could see a dire flail of draining and 2 friendly wandering mushrooms.

Vanquished Creatures
  A stone giant (Orc:2)
  A deep elf annihilator (Elf:1)
  An ogre mage (D:15)
  A yaktaur captain (D:14)
  Josephine (Orc:1)
  Fannar (D:11)
  2 hydras
  A centaur warrior (Volcano)
  10 two-headed ogres
  3 tengu warriors
  2 death yaks (Lair:6)
  2 orc high priests (Orc:2)
  A wandering mushroom (D:12)
  A deep elf knight (Elf:1)
  A shock serpent (shapeshifter) (D:15)
  2 unseen horrors (D:14)
  A swamp dragon (shapeshifter) (D:15)
  3 deep elf archers
  6 orc knights
  2 wolf spiders
  4 orc sorcerers
  16 deep elf magi
  An ugly thing (D:12)
  A salamander (D:15)
  2 cyclopes
  A manticore (D:13)
  4 elephants
  2 black mambas
  6 centaur skeletons
  4 spiny frogs
  2 gargoyles
  A komodo dragon (Lair:3)
  A rime drake (Lair:6)
  An efreet (D:15)
  4 yaktaurs
  A tengu conjurer (D:13)
  2 trolls
  3 meliai (D:15)
  2 hornets (Lair:6)
  5 polar bears
  17 blink frogs
  Sigmund (D:5)
  2 dream sheep (Lair:6)
  6 hippogriffs
  A redback (Spider:1)
  7 spriggans (Lair:6)
  An air elemental (Elf:1)
  A shadow (D:7)
  A vampire (D:10)
  18 yaks
  A wraith (Orc:1)
  2 basilisks
  A human (D:9)
  4 hogs (D:9)
  A fire elemental (Elf:1)
  2 hungry ghosts
  Grum (D:9)
  Edmund (D:5)
  2 soldier ants
  2 water moccasins
  6 porcupines
  15 orc warriors
  4 ice beasts
  2 eyes of draining
  5 black bears
  3 sky beasts
  8 ogres
  2 phantoms
  10 wolves (Lair:6)
  3 boggarts (Lair:6)
  15 centaurs
  5 crocodiles
  2 big kobolds
  16 bullfrogs
  2 gnoll sergeants (D:9)
  3 jellies
  6 scorpions
  A killer bee (D:11)
  5 wights (D:9)
  3 howler monkeys
  A troll skeleton (D:9)
  9 crimson imps
  2 quasits
  14 orc priests
  4 bullfrog skeletons
  4 gnoll shamans
  12 hounds
  19 orc wizards
  4 iguanas
  Natasha (thrice) (D:3)
  10 worker ants
  An ogre zombie (D:9)
  4 ogre skeletons (D:9)
  2 hound skeletons
  23 gnolls
  8 adders
  A shadow imp (D:6)
  2 adder zombies
  3 adder skeletons
  3 dart slugs
  3 worms
  14 leopard geckos
  47 orcs
  8 bats
  11 giant cockroaches
  11 hobgoblins
  16 jackals
  3 quokkas
  A ball python (D:5)
  3 frilled lizards
  7 goblins
  2 goblin skeletons (D:9)
  4 hobgoblin skeletons (D:9)
  18 kobolds
  10 orc skeletons (D:9)
  A quokka zombie (D:7)
  7 rats
  A ballistomycete spore (Orc:2)
  A toadstool (Volcano)
591 creatures vanquished.

Vanquished Creatures (collateral kills)
  Gastronok (Orc:1)
  A red draconian (Volcano)
  The ghost of M4edhros the Cleaver, a journeyman MiBe of Trog (Lair:6)
  2 hydras (Lair:4)
  The ghost of mora the Severer, a journeyman MiBe of Trog (D:9)
  2 catoblepae
  3 two-headed ogres
  2 death yaks (Lair:6)
  An orc high priest (Orc:2)
  4 spriggans (Lair:6)
  An unseen horror (D:11)
  An orb spider (Spider:1)
  3 deep elf magi
  An orc sorcerer (Orc:2)
  4 elephants
  A black mamba (shapeshifter) (D:15)
  Joseph (Lair:1)
  6 spiny frogs
  2 komodo dragons
  2 polar bears
  2 trolls (Orc:2)
  A hornet (Lair:6)
  A dream sheep (Lair:6)
  7 blink frogs
  5 hippogriffs
  6 wraiths
  17 yaks
  2 wyverns
  A tarantella (shapeshifter) (D:13)
  Menkaure (D:6)
  3 water moccasins
  A soldier ant (D:11)
  2 porcupines
  2 black bears
  An ice beast (D:7)
  6 orc warriors
  4 ogres
  7 wolves (Lair:6)
  A boggart (Lair:6)
  2 crocodiles
  A big kobold (D:11)
  3 bullfrogs
  A gnoll sergeant (D:9)
  A wyvern zombie (D:9)
  2 scorpions
  4 killer bees (D:11)
  5 wights (D:10)
  A troll skeleton (D:9)
  An electric eel (D:9)
  3 crimson imps
  4 orc priests
  3 centaur skeletons
  3 hounds (D:9)
  An iguana (D:9)
  3 orc wizards
  21 gnolls
  A howler monkey skeleton (D:9)
  18 orcs
  3 jackals
  A kobold (D:11)
  2 orc skeletons (D:9)
  An orc zombie (D:9)
  2 ballistomycete spores
  A butterfly (Lair:6)
198 creatures vanquished.

Vanquished Creatures (others)
  A thorn hunter (Elf:1)
  A shambling mangrove (Orc:2)
  An orc sorcerer (Orc:2)
  A yaktaur (D:14)
  An orc warrior (D:9)
  A wyvern (D:9)
  A tengu conjurer (D:12)
  An electric eel (D:9)
  17 wandering mushrooms
  A hornet zombie (D:13)
  4 necrophages
  A bullfrog (D:6)
  A crimson imp (D:12)
  2 orc priests
  A killer bee zombie (D:7)
  A worker ant zombie (D:10)
  5 ballistomycetes (Orc:2)
  2 ballistomycete spores (Orc:2)
  6 briar patches
  10 fungi
  18 plants (Lair:6)
  638 toadstools
715 creatures vanquished.

Grand Total: 1504 creatures vanquished

Notes
Turn   | Place    | Note
-------+----------+-------------------------------------------
     0 | D:1      | M4edhros the Octopode Artificer began the quest for the Orb.
     0 | D:1      | Reached XP level 1. HP: 13/13 MP: 3/3
    26 | D:1      | Reached skill level 2 in Stealth
   228 | D:1      | Reached XP level 2. HP: 18/18 MP: 4/4
   244 | D:2      | Reached skill level 3 in Stealth
   362 | D:2      | Reached skill level 4 in Stealth
   382 | D:2      | Reached XP level 3. HP: 19/23 MP: 5/5
   717 | D:4      | Got a flickering lead ring
  1087 | D:4      | Reached skill level 5 in Stealth
  1087 | D:4      | Reached XP level 4. HP: 13/28 MP: 6/6
  1421 | D:4      | Reached skill level 6 in Stealth
  1771 | D:5      | Entered Level 5 of the Dungeon
  1771 | D:5      | Noticed an ice beast
  1772 | D:5      | Killed an ice beast
  1772 | D:5      | Reached skill level 7 in Stealth
  1772 | D:5      | Reached XP level 5. HP: 33/33 MP: 7/7
  1824 | D:5      | Noticed Abuh's ghost (novice HaHu)
  1825 | D:5      | Noticed Edmund
  1835 | D:6      | Noticed a centaur
  1840 | D:6      | Killed a centaur
  1840 | D:6      | Reached skill level 8 in Stealth
  1840 | D:6      | Reached XP level 6. HP: 38/38 MP: 8/8
  1854 | D:6      | Found a staircase to the Ecumenical Temple.
  1862 | Temple   | Entered the Ecumenical Temple
  2073 | Temple   | Became a worshipper of Xom of Chaos
  2227 | Temple   | XOM: harmless Hex miscast
  2501 | Temple   | XOM: god gift: quarterstaff {god gift}
  2864 | Temple   | XOM is BORED!
  2864 | Temple   | XOM: medium Air miscast
  3327 | Temple   | XOM: give mutation
  3327 | Temple   | Gained mutation: You are resistant to electric shocks. (rElec) [Xom's grace]
  3345 | Temple   | XOM: harmless Tloc miscast
  4407 | Temple   | XOM: silly message
  4455 | Temple   | XOM: torment (20/38 hp)
  5578 | Temple   | XOM is BORED!
  7566 | Temple   | XOM: harmless Tloc miscast
  8044 | Temple   | XOM: divination: detect items
  8332 | Temple   | XOM: give mutations
  8332 | Temple   | Gained mutation: You expend magic power (3 MP) to strengthen your wands. [Xom's mischief]
  8332 | Temple   | Gained mutation: One of your tentacles bears a spike. [Xom's mischief]
  8568 | Temple   | XOM: summons 3 hostile demons
  8649 | D:6      | XOM is BORED!
  8649 | D:6      | XOM: give mutations
  8649 | D:6      | Gained mutation: Your body sometimes deteriorates upon taking damage. [Xom's mischief]
  8649 | D:6      | Lost mutation: You expend magic power (3 MP) to strengthen your wands. [Xom's mischief]
  8649 | D:6      | Lost mutation: Your body sometimes deteriorates upon taking damage. [Xom's mischief]
  8649 | D:6      | Lost mutation: One of your tentacles bears a spike. [Xom's mischief]
  8787 | D:6      | Reached skill level 9 in Stealth
  9668 | Temple   | XOM: give mutations
  9668 | Temple   | Gained mutation: You are frail. (-10% HP) [Xom's mischief]
  9668 | Temple   | Lost mutation: You are frail. (-10% HP) [Xom's mischief]
  9704 | Temple   | Fell from the grace of Xom
  9704 | Temple   | Became a worshipper of Fedhas Madash
  9722 | D:6      | Reached skill level 10 in Stealth
  9722 | D:6      | Reached XP level 7. HP: 32/43 MP: 9/9
  9937 | D:5      | XOM: 1-stop teleportation journey
 10050 | D:5      | Noticed Sigmund
 10052 | D:5      | Killed Sigmund
 10052 | D:5      | Reached skill level 11 in Stealth
 10234 | D:5      | Killed Edmund
 10234 | D:5      | Reached skill level 12 in Stealth
 10234 | D:5      | Reached XP level 8. HP: 24/48 MP: 10/10
 10727 | D:6      | Reached skill level 13 in Stealth
 10737 | D:6      | XOM: stat loss: -3 Str (14/17)
 10871 | D:6      | Gained mutation: You tend to lose your temper in combat. [mutagenic meat]
 10872 | D:6      | Gained mutation: You occasionally shout uncontrollably at your foes. [mutagenic meat]
 10873 | D:6      | Gained mutation: You are weak. (Str -2) [mutagenic meat]
 10903 | D:6      | Identified the ring "Ofugurocw" {rPois rC+ MP+9} (You found it on level 4 of the Dungeon)
 10926 | Temple   | Fell from the grace of Fedhas
 10926 | Temple   | Became a worshipper of Xom of Chaos
 10976 | Temple   | Noticed an oklob plant
 10976 | Temple   | Noticed a wandering mushroom
 10976 | Temple   | Noticed a wandering mushroom
 11732 | Temple   | XOM: potion effect (invisibility)
 11837 | Temple   | Noticed an oklob plant
 11837 | Temple   | Noticed a wandering mushroom
 11837 | Temple   | Noticed a wandering mushroom
 11837 | Temple   | Noticed a wandering mushroom
 11837 | Temple   | Noticed a wandering mushroom
 11837 | Temple   | Noticed an oklob plant
 11838 | Temple   | XOM: harmless Air miscast
 11851 | Temple   | XOM: silly message
 11863 | Temple   | Fell from the grace of Xom
 11863 | Temple   | Became a worshipper of Fedhas Madash
 12396 | D:1      | Reached * piety under Fedhas
 12784 | D:2      | XOM: mild Tmut miscast
 13190 | D:3      | Noticed Natasha
 13195 | D:3      | Killed Natasha
 13265 | D:3      | Noticed Natasha
 13277 | D:3      | Killed Natasha
 13289 | D:3      | XOM: chaos upgrade
 13426 | D:3      | Noticed Natasha
 13436 | D:3      | Killed Natasha
 13733 | D:5      | XOM: scenery: create altars
 13863 | D:5      | Reached skill level 1 in Invocations
 14016 | D:5      | Found a glowing silver altar of Zin.
 14147 | D:6      | Noticed Menkaure
 14162 | D:6      | Reached ** piety under Fedhas
 14187 | D:6      | Killed Menkaure
 14298 | D:6      | XOM: give mutation
 14298 | D:6      | Gained mutation: You are clumsy. (Dex -2) [Xom's mischief]
 14434 | D:6      | XOM: medium Tloc miscast
 14489 | D:6      | Reached XP level 9. HP: 30/55 MP: 11/11
 14585 | D:6      | XOM: medium Pois miscast
 14672 | D:7      | Found a sparkling altar of Nemelex Xobeh.
 14916 | D:7      | XOM: mild Fire miscast
 14942 | D:7      | Found a white marble altar of Elyvilon.
 14945 | D:7      | Found a bloodstained altar of Trog.
 14945 | D:7      | Found a hide-covered altar of Uskayaw.
 14954 | D:7      | Found an iron altar of Okawaru.
 14966 | D:7      | Reached skill level 14 in Stealth
 14978 | D:7      | Found a sacrificial altar of Ru.
 15079 | D:7      | XOM: summons 3 hostile shadow creatures
 15376 | D:8      | XOM: cloud trail
 15567 | D:8      | Found a staircase to the Lair.
 15610 | D:8      | Found Mafuy's Armour Emporium.
 15909 | D:8      | Noticed a two-headed ogre
 15915 | D:8      | Killed a two-headed ogre
 15915 | D:8      | Reached skill level 5 in Invocations
 15915 | D:8      | Reached skill level 5 in Evocations
 15915 | D:8      | Reached XP level 10. HP: 48/64 MP: 14/14
 16369 | D:9      | Noticed mora's ghost (journeyman MiBe)
 16599 | D:9      | Found a staircase to the Orcish Mines.
 16608 | D:9      | Reached *** piety under Fedhas
 16687 | D:9      | XOM: cloud trail
 16881 | D:9      | XOM: medium Erth miscast
 16881 | D:9      | HP: 2/65 [something (13)]
 17260 | D:9      | Reached **** piety under Fedhas
 17523 | D:9      | Killed mora's ghost
 17523 | D:9      | Reached skill level 5 in Fighting
 17902 | D:9      | Reached skill level 5 in Dodging
 18228 | D:9      | XOM: medium Fire miscast
 18287 | D:9      | Reached ***** piety under Fedhas
 18543 | D:9      | Reached skill level 15 in Stealth
 19083 | D:9      | XOM: medium Summ miscast
 19453 | D:9      | Noticed Grum
 19472 | D:9      | Killed Grum
 19546 | D:9      | XOM: medium Hex miscast
 19626 | D:10     | Entered Level 10 of the Dungeon
 19637 | D:10     | Reached XP level 11. HP: 44/72 MP: 16/16
 19852 | D:10     | XOM: polymorph wandering mushroom -> thorn hunter
 19972 | D:10     | Noticed a five-headed hydra
 19988 | D:10     | XOM: 1-stop teleportation journey
 20040 | D:10     | Killed a five-headed hydra
 20065 | D:10     | XOM: medium Necr miscast
 20187 | D:10     | Found a deep blue altar of Sif Muna.
 20217 | D:10     | Found Yveidgh's General Store.
 20220 | D:10     | Bought a +2 hunting sling of freezing for 191 gold pieces
 20220 | D:10     | Bought a wand of paralysis (10/24) for 156 gold pieces
 20237 | D:10     | Noticed a two-headed ogre
 20246 | D:10     | Killed a two-headed ogre
 20246 | D:10     | Reached skill level 1 in Slings
 20348 | D:10     | Identified a scroll of acquirement
 20393 | D:11     | XOM: repel stairs
 20438 | D:11     | Noticed a two-headed ogre
 20445 | D:11     | Killed a two-headed ogre
 20769 | D:11     | Noticed a two-headed ogre
 20783 | D:11     | Killed a two-headed ogre
 20984 | D:11     | Noticed a two-headed ogre
 20990 | D:11     | Killed a two-headed ogre
 21048 | D:11     | Noticed an unseen horror
 21052 | D:11     | Killed an unseen horror
 21064 | D:11     | Noticed Fannar
 21083 | D:11     | Killed Fannar
 21387 | D:11     | XOM: noise
 21443 | D:11     | Noticed a two-headed ogre
 21456 | D:11     | Killed a two-headed ogre
 21604 | D:11     | XOM: polymorph wandering mushroom -> shambling mangrove
 21684 | D:9      | XOM: mild Necr miscast
 21827 | D:11     | Reached XP level 12. HP: 57/81 MP: 18/18
 21886 | D:11     | XOM: summons 3 hostile shadow creatures
 21886 | D:11     | Was forgiven by Xom
 22106 | D:11     | Noticed a two-headed ogre
 22111 | D:11     | Killed a two-headed ogre
 22111 | D:11     | Reached skill level 5 in Slings
 22317 | D:12     | Noticed a tengu warrior
 22323 | D:12     | Noticed a two-headed ogre
 22327 | D:12     | Killed a two-headed ogre
 22327 | D:12     | Killed a tengu warrior
 22678 | D:12     | Lost mutation: You occasionally shout uncontrollably at your foes. [potion of mutation]
 22678 | D:12     | Lost mutation: You tend to lose your temper in combat. [potion of mutation]
 22678 | D:12     | Lost mutation: You are weak. (Str -2) [potion of mutation]
 22678 | D:12     | Lost mutation: You are clumsy. (Dex -2) [potion of mutation]
 22678 | D:12     | Gained mutation: Your mind is acute. (Int +2) [potion of mutation]
 22678 | D:12     | Gained mutation: You possess an exceptional clarity of mind. [potion of mutation]
 22678 | D:12     | Gained mutation: Your flesh is heat resistant. (rF+) [potion of mutation]
 23238 | D:12     | Gained mutation: Your magical capacity is low. (-10% MP) [mutagenic meat]
 23240 | D:12     | Gained mutation: You are clumsy. (Dex -2) [mutagenic meat]
 23291 | D:12     | Found a bloodstained altar of Trog.
 23291 | D:12     | Noticed a two-headed ogre
 23328 | D:12     | Killed a two-headed ogre
 23626 | D:12     | Gained mutation: Your spells are a little harder to cast, but a little more powerful. [mutagenic meat]
 23628 | D:12     | Lost mutation: Your magical capacity is low. (-10% MP) [mutagenic meat]
 23629 | D:12     | Gained mutation: Your magical capacity is low. (-10% MP) [mutagenic meat]
 23763 | D:13     | Gained mutation: You have supernaturally acute eyesight. (SInv) [mutagenic meat]
 23764 | D:13     | Lost mutation: Your mind is acute. (Int +2) [mutagenic meat]
 23766 | D:13     | Gained mutation: Your mind is acute. (Int +2) [mutagenic meat]
 23882 | D:13     | Found a shadowy altar of Dithmenos.
 23981 | D:13     | Found a flagged portal.
 23993 | Bailey   | Entered a bailey
 24052 | Bailey   | Reached skill level 10 in Invocations
 24448 | D:13     | Reached XP level 13. HP: 86/88 MP: 18/18
 24526 | D:13     | Found Moshrih's Antique Armour Shoppe.
 25089 | D:14     | Found an iron altar of Okawaru.
 25328 | D:14     | Noticed a yaktaur captain
 25415 | D:14     | Killed a yaktaur captain
 25418 | D:14     | Found a gate to the Vaults.
 25797 | D:15     | Entered Level 15 of the Dungeon
 26221 | D:15     | Found a staircase to the Depths.
 26379 | D:15     | Noticed an ogre mage
 26398 | D:15     | Killed an ogre mage
 26408 | D:15     | Reached skill level 10 in Evocations
 26798 | D:15     | Reached skill level 10 in Slings
 26879 | D:15     | Reached XP level 14. HP: 70/97 MP: 20/20
 27570 | Orc:1    | Entered Level 1 of the Orcish Mines
 27570 | Orc:1    | Found Roriarong's Jewellery Shoppe.
 27796 | Orc:1    | Noticed Gastronok
 27828 | Orc:1    | Killed Gastronok
 27858 | Orc:1    | Noticed Josephine
 27864 | Orc:1    | Killed Josephine
 28102 | Orc:2    | Entered Level 2 of the Orcish Mines
 28236 | Orc:2    | Found a staircase to the Elven Halls.
 28336 | Orc:2    | Found Tuahamue's Magic Scroll Emporium.
 28753 | Orc:2    | Found Zecreuv's Food Shop.
 28802 | Orc:2    | Found Hawn's Armour Emporium.
 28806 | Orc:2    | Found Zillifin's Jewellery Shop.
 28812 | Orc:2    | Bought the ring "Duduar" {Wiz *Slow Int+4 Dex+5 Stlth+} for 637 gold pieces
 28828 | Orc:2    | Bought a fruit for 21 gold pieces
 28830 | Orc:2    | Bought 3 scrolls of enchant weapon for 315 gold pieces
 28842 | Orc:2    | Bought a +1 buckler of fire resistance for 198 gold pieces
 29161 | Orc:2    | Noticed a stone giant
 29183 | Orc:2    | Killed a stone giant
 29183 | Orc:2    | Reached skill level 1 in Shields
 29651 | Orc:2    | Found Duasemen's Distillery.
 29973 | Lair:1   | Entered Level 1 of the Lair of Beasts
 30114 | Lair:1   | Reached skill level 1 in Spellcasting
 30203 | Lair:1   | Noticed Joseph
 30209 | Lair:1   | Killed Joseph
 30250 | Lair:1   | Learned a level 3 spell: Mephitic Cloud
 30253 | Lair:1   | Learned a level 2 spell: Blink
 30257 | Lair:1   | Learned a level 3 spell: Ozocubu's Armour
 30565 | Lair:1   | Found a blossoming altar of Fedhas.
 31016 | Lair:2   | Reached skill level 10 in Dodging
 31053 | Lair:2   | Reached ****** piety under Fedhas
 31730 | Lair:3   | Reached skill level 10 in Fighting
 31773 | Lair:3   | Found a staircase to the Shoals.
 31908 | Lair:3   | Got a bound wooden ring
 31990 | Lair:3   | Identified the ring of Deoh Maf {*Drain Dex+3 Stlth+} (You found it on level 3 of the Lair of Beasts)
 32228 | Lair:4   | Found a hole to the Spider Nest.
 33116 | Spider:1 | Entered Level 1 of the Spider Nest
 33122 | Spider:1 | Reached XP level 15. HP: 72/103 MP: 21/21
 33328 | Lair:5   | Reached skill level 1 in Charms
 33336 | Lair:5   | Reached skill level 1 in Poison Magic
 33387 | Lair:5   | Found a dark tunnel.
 33427 | Volcano  | Entered a volcano
 33451 | Volcano  | Found a burning altar of Makhleb.
 33600 | Lair:5   | Found a runed door.
 33606 | Lair:5   | Found a viscous altar of Jiyva.
 33606 | Lair:5   | Noticed an acid blob
 33608 | Lair:5   | Noticed an acid blob
 33763 | Lair:5   | Reached skill level 1 in Air Magic
 33832 | Lair:5   | Found a staircase to the Slime Pits.
 34614 | Lair:6   | Entered Level 6 of the Lair of Beasts
 34819 | Lair:6   | Reached skill level 5 in Shields
 35240 | Lair:6   | Found a radiant altar of Vehumet.
 35379 | Lair:6   | Noticed M4edhros's ghost (journeyman MiBe)
 35389 | Lair:6   | Killed M4edhros's ghost
 35831 | Lair:5   | Learned a level 4 spell: Olgreb's Toxic Radiance
 36035 | Elf:1    | Entered Level 1 of the Elven Halls
 36217 | Elf:1    | Reached skill level 5 in Spellcasting
 36246 | Elf:1    | Identified the Handbook of Attacks
 36255 | Elf:1    | Learned a level 6 spell: Freezing Cloud
 36431 | Elf:1    | Slain by a dire flail of draining

Vault maps used:
D:1:      roderic_crop_circles_arrival_small
D:3:      due_unseen_surprise, uniq_natasha
D:4:      first_bread
D:5:      marbit_many_paths, uniq_edmund, uniq_sigmund
D:6:      minmay_temple_entry_mist, uniq_menkaure
D:7:      grunt_temple_overflow_open, nicolae_overflow_hidden_temple
D:8:      dpeg_oklobed_lair, serial_shops, shop
D:9:      zombieorc1_lemuel, serial_gnoll_camp, gnoll_camp_huts_moat,
          grums_kennel, gnoll_camp_mini_basic, gnoll_camp_mini_loothouse,
          gnoll_camp_mini_hut, gnoll_camp_medium_02, grunt_livestock,
          kennysheep_generic_room_14
D:10:     basic_altar, serial_shops, kennysheep_mini
D:11:     uniq_fannar
D:12:     trog_ov_bears_minmay
D:13:     enter_bailey_7, serial_shops, shop_fountains,
          nicolae_dithmenos_the_darkroom
D:14:     david_vaults_2, basic_altar
D:15:     hangedman_depths_entry_try_elsewhere_first
Temple:   nicolae_temple_figure_eight
Lair:1:   basic_altar, uniq_joseph
Lair:3:   shoals_dummy_entry
Lair:4:   nicolae_spider_entry_non_spiders, minmay_lair_oklob_bushes,
          grunt_megastairs_5, lemuel_fruit_fields
Lair:5:   slime_altar_2, nicolae_volcano_entry_two_sided
Lair:6:   minmay_lair_end_enchanted_forest, basic_altar, serial_bayou_shore_a,
          infiniplex_staircase_pool_2
Spider:1: uniq_donald
Orc:1:    serial_shops, shop_fountains, uniq_gastronok, uniq_josephine
Orc:2:    st_orc_elflike, serial_shops, shop_statue
Elf:1:    serial_shops, nicolae_shop_trees, minmay_elf_annihilation,
          nicolae_elf_m_pinch
Bailey:   bailey_polearm_3, bailey
Volcano:  kennysheep_volcano_temple

Skill      XL: |  1  2  3  4  5  6  7  8  9 10 11 12 13 14 15 |
---------------+----------------------------------------------+-----
Stealth        | 2 4 5 7 8 10 12 13 14 15 | 15.3
Fighting       | 2 4 5 7 8 9 10 | 10.9
Invocations    | 2 5 7 9 10 11 12 | 12.1
Dodging        | 4 5 7 8 9 10 | 10.1
Evocations     | 5 6 7 9 10 | 10.6
Slings         | 4 7 10 11 12 | 12.0
Shields        | 3 5 |  5.3
Spellcasting   | 3 5 |  5.1
Charms         | 2 |  2.8
Poison Magic   | 3 |  3.1
Air Magic      | 3 |  3.5
Short Blades   | |  1.0

Action                   |  1- 3 |  4- 6 |  7- 9 | 10-12 | 13-15 || total
-------------------------+-------+-------+-------+-------+-------++-------
Melee: Short sword       |    40 |       |   109 |   318 |    45 ||   512
       Constrict         |    18 |     9 |    59 |    64 |    11 ||   161
       Tentacles         |    12 |     9 |    42 |    68 |    17 ||   148
       Dagger            |    10 |    35 |   122 |    39 |    38 ||   244
       Kick              |       |     1 |       |       |       ||     1
       Scythe            |       |       |    10 |       |       ||    10
       Halberd           |       |       |     4 |       |       ||     4
 Fire: Hunting sling     |       |       |       |   266 |   721 ||   987
       Fustibalus        |       |       |       |       |   276 ||   276
 Cast: Mephitic Cloud    |       |       |       |       |     5 ||     5
       Olgreb's Toxic Ra |       |       |       |       |     1 ||     1
       Ozocubu's Armour  |       |       |       |       |     1 ||     1
Invok: Fungal Bloom      |       |       |    28 |    94 |    89 ||   211
       Evolution         |       |       |     2 |    15 |     8 ||    25
       Sunlight          |       |       |     1 |     5 |       ||     6
       Reproduction      |       |       |       |       |     3 ||     3
 Abil: Evoke Flight      |       |       |     1 |       |       ||     1
Evoke: Wand              |     4 |     5 |    10 |    63 |    40 ||   122
       Sack of spiders   |       |       |       |       |     2 ||     2
  Use: Scroll            |       |       |     6 |    23 |    12 ||    41
       Potion            |       |       |     3 |     8 |     6 ||    17
 Stab: Sleeping          |     7 |     3 |    39 |    20 |    19 ||    88
       Distracted        |       |       |     3 |     5 |       ||     8
       Paralysed         |       |       |       |     6 |     7 ||    13
       Confused          |       |       |       |     1 |     3 ||     4
  Eat: Chunk             |       |     4 |    19 |    11 |     7 ||    41
       Bread ration      |       |     5 |       |     1 |       ||     6
       Royal jelly       |       |     1 |     2 |     6 |     2 ||    11
       Meat ration       |       |       |       |     3 |     6 ||     9
Armor: Skin              |     2 |     1 |     6 |    26 |    10 ||    45
Dodge: Dodged            |    32 |    35 |   148 |   365 |   159 ||   739
Block: Buckler           |       |       |       |       |    39 ||    39
